 Dungeon Crawl Stone Soup version 0.28.0-47-ge53b351184 (webtiles) character file.

Game seed: 8003649941167135709

77 Eitelfritz the Poker (level 4, -2/34 HPs)
             Began as a Merfolk Gladiator on Apr 29, 2022.
             Slain by a sky beast (5 damage)
             ... on level 3 of the Dungeon.
             The game lasted 00:06:09 (2075 turns).

Eitelfritz the Poker (Merfolk Gladiator)            Turns: 2075, Time: 00:06:09

Health: -2/34      AC:  6    Str: 16    XL:     4   Next: 33%
Magic:  2/4        EV: 13    Int:  7    God:
Gold:   97         SH:  0    Dex: 15    Spells: 2/3 levels left

rFire   . . .      SeeInvis .   a - +0 trident
rCold   . . .      Faith    .   (no shield)
rNeg    . . .      Spirit   .   b - +0 leather armour
rPois   .          Reflect  .   c - +0 helmet
rElec   .          Harm     .   (no cloak)
rCorr   .          Rampage  .   s - +1 pair of gloves
Will    .....                   (no boots)
Stlth   +.........              (no amulet)
HPRegen 0.11/turn               (no ring)
MPRegen 0.09/turn               (no ring)

@: no status effects
A: (nimble swimmer 2), mertail
a: no special abilities


You were on level 3 of the Dungeon.
You visited 1 branch of the dungeon, and saw 3 of its levels.

You collected 97 gold pieces.

Inventory:

Hand Weapons
 a - a +0 trident (weapon)
Missiles
 d - 3 throwing nets (quivered)
Armour
 b - a +0 leather armour (worn)
 c - a +0 helmet (worn)
 s - a +1 pair of gloves (worn)
Jewellery
 o - an amulet of guardian spirit
Scrolls
 e - 2 scrolls of teleportation {unknown}
 g - 2 scrolls of noise {unknown}
 i - 2 scrolls of identify {unknown}
 k - a scroll of summoning {unknown}
 l - a scroll of fear {unknown}
 p - a scroll of blinking {unknown}
Potions
 f - a potion of berserk rage {unknown}
 h - a potion of haste {unknown}
 j - a potion of lignification {unknown}
 m - 3 potions of heal wounds {unknown}
 n - a potion of degeneration {unknown}
 q - a potion of invisibility {unknown}
 r - a potion of cancellation {unknown}
 t - a potion of attraction {unknown}


   Skills:
 + Level 2.3 Fighting
 + Level 5.8 Polearms
 + Level 2.2 Throwing
 + Level 0.5 Armour
 + Level 4.7 Dodging
 + Level 0.3 Stealth
 + Level 0.2 Spellcasting
 + Level 0.9 Summonings


You had 2 spell levels left.
You knew the following spells:

 Your Spells              Type           Power      Damage    Failure   Level
a - Summon Small Mammal   Summ           4%         N/A       36%         1

Your spell library contained the following spells:

 Spells                   Type           Power      Damage    Failure   Level
 Call Canine Familiar     Summ           1%         N/A       75%         3
 Summon Guardian Golem    Hex/Summ       0%         N/A       80%         3


Dungeon Overview and Level Annotations

Branches:
Dungeon (3/15)

Altars:

Shops:
D:1 (


Innate Abilities, Weirdness & Mutations

((You are very nimble when in or above water. (Stealth+, EV+, Speed+++)))
Your lower body shifts to a powerful aquatic tail in water.


Message History

Reactivating autopickup.
The sky beast misses you.
You closely miss the sky beast.
The sky beast is moderately wounded.
The sky beast hits you but does no damage.
You hit the sky beast.
The sky beast is moderately wounded.
The sky beast closely misses you.
You hit the sky beast but do no damage.
The sky beast is moderately wounded.
The sky beast misses you.
You barely miss the sky beast.
The sky beast is moderately wounded.
The sky beast hits you. The sky beast shocks you.
You closely miss the sky beast.
The sky beast is moderately wounded.
The sky beast hits you but does no damage.
You barely miss the sky beast.
The sky beast is moderately wounded.
The sky beast hits you but does no damage.
You hit the sky beast.
The sky beast is severely wounded.
The sky beast misses you.
You closely miss the sky beast.
The sky beast is severely wounded.
The sky beast barely misses you.
Unknown command.
You hit the sky beast.
The sky beast is almost dead.
The sky beast flickers out of sight!
Deactivating autopickup; reactivate with Ctrl-A.
Something hits you but does no damage.
You barely miss something. Something hits you but does no damage.
You miss something. Something hits you. Something shocks you.
* * * LOW HITPOINT WARNING * * *
You closely miss something. Something barely misses you.
You miss something. Something hits you.
* * * LOW HITPOINT WARNING * * *
Something shocks you.
You die...

...##.#..####......#
(.....#..# ##......#
g..##.#..###........
#.# #..............#
#.# #.#..##.........
#l# #..............#
#.# ###......#.###.#
########.######.###..##
#. ......$.l{@.....#
<.## #
############.#### #.#
#.# #.# #.# #.. ... ..
#.# #.# #.#


You could see a frilled lizard.

Vanquished Creatures
  2 adders (D:2)
  4 dart slugs (D:1)
  6 ball pythons
  2 endoplasms (D:2)
  5 hobgoblins
  3 quokkas
  8 bats
  3 frilled lizards
  5 goblins
  5 kobolds
  3 rats (D:1)
46 creatures vanquished.

Vanquished Creatures (collateral kills)
  A dart slug (D:2)
  An endoplasm (D:2)
2 creatures vanquished.

Vanquished Creatures (others)
  7 plants (D:2)
7 creatures vanquished.

Grand Total: 55 creatures vanquished

Notes
Turn   | Place    | Note
-------+----------+-------------------------------------------
     0 | D:1      | Eitelfritz the Merfolk Gladiator began the quest for the
                  | Orb.
     0 | D:1      | Reached XP level 1. HP: 16/16 MP: 1/1
   154 | D:1      | Reached XP level 2. HP: 20/22 MP: 2/2
   203 | D:1      | Found Wineat's Antique Weapon Shop.
   283 | D:1      | Reached skill level 5 in Polearms
   451 | D:1      | Reached XP level 3. HP: 4/27 MP: 3/3
   912 | D:1      | Learned a level 1 spell: Summon Small Mammal
  1485 | D:2      | Reached XP level 4. HP: 34/34 MP: 1/4
  1884 | D:2      | Found a faded altar of an unknown god.
  2046 | D:3      | Noticed a sky beast
  2075 | D:3      | Slain by a sky beast

Illustrated notes

Levels and vault maps discovered:
D:1:      evilmike_arrival_grusome_pit, layout_basic, serial_shops,
          nicolae_shop_behind_doors
D:2:      layout_rooms, chequers_ecumenical_altar_island, serial_forest,
          infiniplex_forest_split, infiniplex_forest_clump_long,
          infiniplex_forest_clump_C, infiniplex_forest_end_double
D:3:      layout_loops_ring, uniq_grinder, uniq_crazy_yiuf_cottage

Skill      XL: |  1  2 |
---------------+-------+-----
Polearms       | 5 |  5.8
Fighting       | |  2.3
Throwing       | |  2.2
Armour         | |  0.5
Dodging        | |  4.7
Stealth        | |  0.3
Spellcasting   | |  0.2
Summonings     | |  0.9

Action                   |  1- 3 |  4- 6 || total
-------------------------+-------+-------++-------
Melee: Trident           |   124 |    53 ||   177
 Cast: Summon Small Mamm |     5 |     4 ||     9
 Stab: Sleeping          |     2 |     1 ||     3
Armor: Leather armour    |    23 |    12 ||    35
Dodge: Dodged            |    72 |    22 ||    94
